Map: Last Fantasy LE

Players

IlIlIlIlIlII

  • Race: Terran Terran
  • League: Diamond
  • Spawn Location: 3:00

Harry - Winner!

  • Race: Protoss Protoss
  • League: Diamond
  • Spawn Location: 7:00

VOD

Have the link to the VOD?

Description

Time

  • Played on: July 25, 2025, 3:11 p.m.
  • Length: 19:02
Show
View Real Time Build Order
Export as new Build Order

IlIlIlIlIlII Terran 

Build Orders: 1/1/1, Liberator Opening 

Get SALT Encoding   

  12  0:07  Refinery  
  12  0:16  Supply Depot  
  12  0:21  SCV  
  13  0:39  Barracks  
  13  0:42  SCV  
  14  0:54  SCV  
  15  1:06  SCV  
  16  1:18  SCV  
  17  1:29  Supply Depot  
  17  1:33  Factory  
  17  1:36  Barracks Reactor  
  17  1:46  Orbital Command  
  17  2:14  Marine x2  
  18  2:17  Hellion  
  18  2:20  SCV  
  21  2:24  Starport  
  21  2:34  Marine x2  
  23  2:39  Hellion, SCV  
  26  2:47  Supply Depot  
  26  2:51  SCV  
  27  3:01  Liberator  
  27  3:05  Marine  
  31  3:14  SCV  
  31  3:17  Supply Depot  
  32  3:26  SCV  
  32  3:27  Hellion, Marine x2  
  37  3:38  SCV  
  38  3:44  Medivac  
  38  3:48  Hellion  
  42  4:25  Marine x2  
  42  4:26  SCV  
  45  4:36  Supply Depot  
  45  4:38  SCV  
  46  4:42  Liberator  
  46  4:44  Command Center  
  49  4:47  Marine  
  49  4:48  Marine  
  48  5:09  Factory Tech Lab  
  48  5:17  Supply Depot  
  48  5:18  Bunker  
  48  5:20  SCV  
  49  5:25  Marine x2  
  51  5:32  SCV  
  50  5:43  Marine x2  
  50  6:01  Orbital Command, Marine x2  
  52  6:06  Siege Tank, Medivac  
  52  6:08  SCV  
  58  6:18  Supply Depot  
  58  6:19  Marine  
  58  6:20  SCV  
  60  6:25  Supply Depot  
  60  6:27  SCV  
  60  6:28  Supply Depot  
  60  6:32  SCV  
  62  6:34  Armory  
  62  6:39  SCV  
  63  6:43  Medivac  
  63  6:44  Marine x2, SCV  
  68  6:54  SCV  
  69  6:56  Refinery x2  
  69  6:57  SCV  
  69  7:00  Refinery  
  70  7:06  SCV, Armory  
  71  7:09  SCV  
  71  7:11  Marine  
  71  7:12  Marine  
  74  7:16  Engineering Bay  
  74  7:18  SCV  
  75  7:29  Marine  
  75  7:36  Marine  
  74  7:37  Siege Tank  
  74  7:42  Starport Reactor  
  77  7:47  Marine  
  78  7:59  Terran Ship Weapons Level 1  
  78  8:02  Marine  
  78  8:05  Starport, Marine  
  80  8:11  Command Center  
  80  8:12  Barracks  
  80  8:13  SCV  
  80  8:14  Barracks  
  71  8:52  Viking x2  
  71  8:54  Starport Reactor  
  71  8:56  Siege Tank  
  71  8:59  Terran Infantry Weapons Level 1  
  71  9:00  SCV x2  
  71  9:02  Barracks Tech Lab  
  74  9:03  Barracks Tech Lab  
  74  9:05  Missile Turret  
  74  9:09  Missile Turret  
  73  9:12  SCV x2  
  73  9:14  Marine x2  
  77  9:22  Viking x2  
  77  9:24  SCV  
  82  9:31  Orbital Command  
  82  9:35  Viking x2, Missile Turret  
  86  9:46  Marine  
  86  9:47  Marine  
  86  9:48  Stimpack, Combat Shield  
  85  10:02  Viking, Siege Tank  
  85  10:03  Viking  
  85  10:04  Marine x2  
  94  10:19  Viking x2  
  98  10:23  Marine  
  98  10:24  Marauder  
  101  10:34  Hellion  
  102  10:41  Marauder  
  104  10:46  Medivac x2  
  104  10:49  Orbital Command, Marine x2  
  109  10:56  Hellion  
  112  11:03  SCV x2  
  114  11:09  Marauder, Marine x2  
  114  11:10  Marauder  
  120  11:15  SCV  
  121  11:19  Viking x2  
  125  11:43  SCV x2  
  125  11:46  Marine  
  125  11:53  SCV  
  124  11:54  Viking x2  
  124  11:56  SCV x2  
  107  12:05  SCV  
  107  12:08  Marine, SCV x2  
  106  12:09  Marauder x2, Siege Tank  
  108  12:17  SCV  
  108  12:20  SCV  
  108  12:22  Marine  
  102  12:26  Marine  
  102  12:29  SCV  
  105  12:30  Marauder  
  105  12:33  Marine  
  106  12:40  Marine  
  106  12:43  Marine  
  102  12:49  Siege Tank, Medivac x2  
  102  12:50  Medivac  
  100  12:51  Marauder  
  100  12:52  Marauder  
  100  12:55  Concussive Shells  
  100  12:57  Terran Ship Weapons Level 2  
  100  12:58  Marine  
  102  12:59  Terran Infantry Weapons Level 2  
  102  13:01  Marine  
  102  13:03  SCV x3  
  107  13:08  Missile Turret  
  107  13:09  Missile Turret x2  
  107  13:10  Medivac  
  107  13:12  Marine x2  
  110  13:15  SCV  
  110  13:16  Marine, SCV x2  
  115  13:22  Factory  
  115  13:27  Factory, SCV  
  115  13:28  SCV x2  
  115  13:29  Marine  
  115  13:30  Marine x2  
  121  13:39  SCV  
  121  13:40  SCV x2  
  124  13:51  Marine  
  125  14:05  Marine, SCV x2  
  125  14:06  SCV  
  125  14:26  Refinery, Infernal Pre-Igniter  
  125  14:31  Refinery  
  125  14:52  Supply Depot x2  
  125  14:53  Supply Depot x2  
  125  15:06  Missile Turret  
  125  15:07  Missile Turret x5  
  125  15:14  Marauder x2, Viking x4, Marine x2, Hellion x3  
  145  15:32  Marine x2  
  147  15:36  Marauder x2, Hellion x3  
  157  15:44  Viking x4  
  157  15:49  Marine x2  
  167  15:57  Marauder x2, Hellion x3  
  177  16:14  Viking, SCV  
  180  16:27  Viking  
  180  16:28  Viking  
  180  16:29  Hellion  
  180  16:30  Hellion  
  111  17:11  Marine  
  111  17:12  Hellion  
  111  17:13  Hellion  
  105  17:18  Orbital Command  
  105  17:21  Marine  
  104  17:28  Marine  
  105  17:32  Orbital Command  
  105  17:36  Viking x2  
  109  17:45  Hellion x2, Marine  
  109  17:46  Marine  
  115  18:02  Marine  
  115  18:04  Marine  
  117  18:07  Hellion  
  117  18:09  Armory  
  95  18:21  Marauder  
  95  18:22  Marauder  
Show
View Real Time Build Order
Export as new Build Order

Harry Protoss - Winner!

Build Orders: 1 Gate Expand 

Get SALT Encoding   

  12  0:00  Probe  
  13  0:17  Pylon  
  13  0:19  Probe  
  14  0:29  Probe  
  15  0:36  Gateway  
  15  0:37  Probe  
  16  0:45  Assimilator  
  16  0:46  Probe  
  17  0:58  Probe  
  18  1:10  Probe  
  19  1:22  Probe  
  20  1:30  Cybernetics Core  
  20  1:43  Nexus  
  20  1:51  Pylon  
  20  1:55  Probe  
  21  2:15  Adept  
  23  2:16  Warp Gate, Probe  
  23  2:18  Assimilator  
  24  2:28  Probe  
  25  2:40  Robotics Facility  
  25  2:41  Probe  
  26  2:48  Stalker  
  28  2:53  Probe  
  29  3:02  Probe  
  29  3:05  Probe  
  31  3:10  Pylon  
  31  3:14  Probe  
  31  3:17  Probe  
  33  3:26  Probe  
  34  3:29  Probe  
  34  3:30  Gateway  
  34  3:31  Gateway  
  35  3:38  Gateway, Probe  
  36  3:41  Probe  
  36  3:43  Stalker  
  36  3:45  Observer  
  38  4:22  Stalker  
  40  4:40  Stalker x3  
  46  4:56  Stalker  
  37  5:04  Probe  
  37  5:05  Probe  
  37  5:12  Probe  
  37  5:13  Probe  
  37  5:14  Shield Battery  
  39  5:16  Immortal  
  45  5:22  Probe  
  45  5:24  Pylon  
  45  5:27  Robotics Bay  
  46  5:30  Pylon  
  44  5:53  Probe x2  
  46  6:05  Probe x2  
  46  6:08  Assimilator  
  48  6:14  Assimilator  
  48  6:17  Colossus, Probe x2  
  56  6:19  Extended Thermal Lance  
  56  6:29  Probe x2  
  56  6:30  Twilight Council  
  58  6:35  Gateway, Pylon  
  58  6:37  Gateway  
  58  6:41  Probe x2  
  58  6:46  Stalker  
  62  6:53  Probe x2  
  64  6:59  Forge  
  64  7:03  Zealot x2  
  64  7:05  Probe x2  
  70  7:13  Charge  
  70  7:15  Colossus  
  70  7:16  Protoss Ground Weapons Level 1  
  70  7:17  Probe x2  
  78  7:48  Pylon  
  78  7:55  Pylon  
  78  8:06  Probe  
  78  8:07  Stalker x2  
  78  8:08  Nexus  
  78  8:09  Pylon  
  83  8:13  Pylon  
  83  8:15  Colossus, Assimilator  
  84  8:53  Zealot  
  84  8:54  Zealot x5  
  96  8:58  Probe  
  96  8:59  Probe  
  98  9:08  Forge  
  98  9:10  Probe  
  98  9:11  Probe  
  98  9:12  Protoss Ground Weapons Level 2  
  100  9:20  Probe  
  100  9:23  Probe x2  
  103  9:27  Sentry  
  105  9:33  Probe  
  105  9:35  Probe x2  
  108  9:45  Probe  
  109  9:47  Probe x2  
  111  10:07  Probe x3  
  114  10:19  Probe x3  
  117  10:31  Probe x3  
  117  10:34  Assimilator  
  117  10:35  Shield Battery  
  120  10:53  Probe x3  
  120  10:54  Protoss Ground Armor Level 1  
  123  11:05  Probe x2  
  123  11:10  Nexus  
  125  11:12  Pylon  
  125  11:14  Pylon  
  125  11:17  Assimilator  
  125  11:21  Assimilator  
  125  11:23  Blink  
  125  11:29  Dark Shrine  
  125  11:30  Probe  
  125  11:31  Gateway  
  132  11:33  Probe x2  
  132  11:37  Zealot x3  
  140  11:42  Probe  
  140  11:46  Probe x2  
  106  12:06  Zealot x4  
  106  12:07  Zealot x2  
  103  12:10  Immortal  
  83  12:28  Zealot x3  
  83  12:29  Zealot x4  
  94  12:37  Protoss Ground Weapons Level 3  
  92  12:45  Protoss Ground Armor Level 2  
  92  12:49  Immortal  
  92  13:06  Dark Templar x2  
  92  13:07  Dark Templar x2  
  92  13:08  Dark Templar  
  92  13:09  Dark Templar  
  92  13:11  Sentry  
  92  13:12  Archon x2  
  106  13:13  Archon  
  106  13:19  Probe x4  
  110  13:23  Pylon  
  110  13:25  Assimilator  
  110  13:28  Colossus  
  110  13:31  Probe  
  117  13:56  Nexus  
  117  13:57  Pylon, Templar Archives  
  117  14:06  Pylon  
  111  14:11  Stalker x7  
  111  14:12  Pylon  
  124  14:21  Colossus  
  130  14:35  Zealot x3  
  130  14:36  Stalker x3  
  130  14:37  Stalker  
  144  14:44  Psionic Storm  
  144  14:58  Stargate  
  144  15:01  Stargate  
  144  15:02  Protoss Shields Level 1  
  144  15:10  Protoss Ground Armor Level 3  
  144  15:18  Colossus  
  150  15:36  High Templar x3  
  150  15:38  Stalker  
  150  15:39  Stalker x3  
  164  15:51  Probe x3  
  167  16:12  Colossus  
  111  17:15  Colossus  
  107  17:36  Fleet Beacon  
  107  17:37  Void Ray x2  
  115  17:39  Stargate  
  115  17:44  Dark Templar  
  115  17:45  Dark Templar x2  
  115  17:46  Dark Templar x2  
  115  17:47  Dark Templar  
  115  17:48  Stalker  
  115  17:51  Archon x3  
  129  17:53  Probe  
  129  17:54  Probe x2  
  132  18:08  Colossus  
  132  18:11  Nexus  
  138  18:14  Pylon  
  138  18:16  Pylon, Zealot  
  138  18:17  Zealot x2  
  138  18:18  Zealot  
  138  18:19  Assimilator  
  146  18:23  Assimilator  
  126  18:39  Stalker x7  
  152  18:56  Assimilator  
  152  18:59  Assimilator  
Tags
 
Add a new tag
Caveats
  • Supply blocks, unpowered buildings, or Contaminate may cause inaccurate times.
  • Supply counts are checked every 10 seconds.